 Dungeon Crawl Stone Soup version 0.30.1-4-g462c640d31 (webtiles) character file.

Game seed: 6170404545601403003

137302 Babbit the Peltast (level 16, -34/149 HPs)
             Began as a Minotaur Fighter on Aug 25, 2023.
             Was the Champion of Okawaru.
             Killed from afar by Nikola (66 damage)
             ... with an arc of chain lightning
             ... on level 4 of the Snake Pit on Aug 28, 2023.
             The game lasted 03:11:16 (29918 turns).

Babbit the Peltast (Minotaur Fighter)              Turns: 29918, Time: 03:11:17

Health: -34/149    AC: 24    Str: 33    XL:     16   Next: 68%
Magic:  13/15      EV: 25    Int:  5    God:    Okawaru [******]
Gold:   1652       SH: 20    Dex: 17    Spells: 15/15 levels left

rFire   + + +        C - +9 hand axe (drain)
rCold   + . .        N - +3 kite shield {rF+}
rNeg    . . .        u - +4 scale mail {rPois}
rPois   +            K - +2 hat {Stlth+}
rElec   .            k - scarf {+Inv}
rCorr   .            G - +2 pair of gloves of the Blizzard {rPois rF+ Dex+5}
SInv    .            Y - +1 pair of boots of Lies {rF+ rC+}
Will    +....        o - amulet of the acrobat
Stlth   ++++         e - +5 ring of evasion
HPRegen 0.44/turn    i - +6 ring of strength
MPRegen 0.14/turn

%: acrobat
@: heroic
A: horns 2, retaliatory headbutt
a: Renounce Religion, Evoke Invisibility, Heroism, Finesse, Duel


You were on level 4 of the Snake Pit.
You worshipped Okawaru.
Okawaru was exalted by your worship.
You visited 5 branches of the dungeon, and saw 25 of its levels.
You also visited: Bailey, Ice Cave and Volcano.

You collected 2694 gold pieces.
You spent 1042 gold pieces at shops.

Inventory:

Hand Weapons
 C - a +9 hand axe of draining (weapon)
 F - a +2 trident of flaming
Missiles
 p - 5 silver javelins
 x - 5 throwing nets
Armour
 h - a +2 scale mail of willpower
 k - a scarf of invisibility (worn)
 u - a +4 scale mail of poison resistance (worn)
 w - the +6 scale mail of the Grey Skies {Str+3}
   (You bought it in a shop on level 3 of the Snake Pit)

   Str:       It affects your strength (+3).
 z - the +0 scale mail of Akhaomoh {rC+ Int-3 SInv}
   (Okawaru gifted it to you on level 13 of the Dungeon)

   Int:       It affects your intelligence (-3).
   rC:        It protects you from cold.
   SInv:      It lets you see invisible.
 D - a +1 ring mail of fire resistance
 G - the +2 pair of gloves of the Blizzard (worn) {rPois rF+ Dex+5}
   (You found it in a bailey)

   Dex:       It affects your dexterity (+5).
   rF:        It protects you from fire.
   rPois:     It protects you from poison.
 I - the +0 pair of gloves "Sahuaf" {Fly rCorr Stlth-}
   (Okawaru gifted it to you on level 2 of the Snake Pit)

   Fly:       It grants you flight.
   rCorr:     It protects you from acid and corrosion.
   Stlth:     It makes you less stealthy.
 K - a +2 hat of stealth (worn)
 N - a +3 kite shield of fire resistance (worn)
 P - the +0 ring mail "Nucryeg" {rElec}
   (Okawaru gifted it to you on level 3 of the Lair of Beasts)

   rElec:     It insulates you from electricity.
 U - a +1 plate armour of cold resistance
 Y - the +1 pair of boots of Lies (worn) {rF+ rC+}
   (Okawaru gifted it to you on level 5 of the Lair of Beasts)

   rF:        It protects you from fire.
   rC:        It protects you from cold.
Jewellery
 e - a +5 ring of evasion (left hand)
 i - a +6 ring of strength (right hand)
 n - a +4 ring of protection
 o - an amulet of the acrobat (around neck)
 B - a ring of protection from cold
 X - a ring of flight
Wands
 b - a wand of roots (21)
 g - a wand of digging (5)
 v - a wand of mindburst (18)
 y - a wand of polymorph (9)
 O - a wand of light (12) (quivered)
 T - a wand of flame (5)
Scrolls
 f - 5 scrolls of fear
 j - 3 scrolls of fog
 l - 4 scrolls of amnesia
 r - a scroll of poison
 t - 4 scrolls of magic mapping
 H - 3 scrolls of blinking
 L - 3 scrolls of teleportation
 Q - a scroll of identify
Potions
 a - 6 potions of invisibility
 c - 3 potions of ambrosia
 d - a potion of might
 m - 5 potions of brilliance
 q - 4 potions of lignification
 s - 13 potions of curing
 A - a potion of flight
 J - a potion of haste
 M - 2 potions of resistance
 R - a potion of magic
 S - a potion of cancellation
Miscellaneous
 E - a phial of floods


   Skills:
 + Level 15.6(20.6) Fighting
 + Level 17.4(23.1) Axes
 + Level 8.5(19.0) Polearms
 + Level 1.3(6.3) Ranged Weapons
 + Level 15.5(20.5) Armour
 + Level 10.6(15.6) Dodging
 + Level 4.6(9.6) Stealth
 + Level 18.7(23.7) Shields
 + Level 1.6(6.6) Unarmed Combat
 + Level 0.3 Invocations
 + Level 2.1 Evocations


You had 15 spell levels left.
You didn't know any spells.
Your spell library contained the following spells:

 Spells                   Type           Power      Damage    Failure   Level
 Apportation              Tloc           0%         N/A       63%         1
 Magic Dart               Conj           0%         1d3       63%         1
 Necrotise                Necr           0%         1d4       63%         1
 Sandblast                Erth           0%         2d4       63%         1
 Sting                    Tmut/Pois      0%         1d3       63%         1
 Passwall                 Tmut/Erth      0%         N/A       77%         2
 Poisonous Vapours        Pois/Air       0%         N/A       77%         2
 Frozen Ramparts          Ice            0%         1d1       94%         3
 Inner Flame              Hex/Fire       0%         N/A       94%         3
 Mephitic Cloud           Conj/Pois/Air  0%         N/A       94%         3
 Portal Projectile        Hex/Tloc       0%         N/A       94%         3
 Stone Arrow              Conj/Erth      0%         3d7       94%         3
 Flame Wave               Conj/Fire      0%         2d4       100%        4
 Ice Form                 Ice/Tmut       0%         N/A       100%        4
 Olgreb's Toxic Radiance  Pois           0%         N/A       100%        4
 Petrify                  Tmut/Erth      0%         N/A       100%        4
 Sticky Flame             Conj/Fire      0%         2d3       100%        4
 Alistair's Intoxication  Tmut/Pois      0%         N/A       100%        5
 Blade Hands              Tmut           0%         N/A       100%        5
 Borgnjor's Vile Clutch   Necr/Erth      0%         N/A       100%        5
 Metabolic Englaciation   Hex/Ice        0%         N/A       100%        5
 Statue Form              Tmut/Erth      0%         N/A       100%        6
 Summon Small Mammal      Summ           Unusable   N/A       N/A         1
 Call Imp                 Summ           Unusable   N/A       N/A         2
 Tukima's Dance           Hex            Unusable   N/A       N/A         3
 Animate Dead             Necr           Unusable   N/A       N/A         4
 Summon Ice Beast         Ice/Summ       Unusable   N/A       N/A         4
 Death Channel            Necr           Unusable   N/A       N/A         6

Dungeon Overview and Level Annotations

Branches:
Dungeon (13/15)            Temple (1/1) D:6            Lair (5/5) D:10
  Swamp (0/4) Lair:3        Snake (4/4) Lair:2        Slime (0/5) Lair:5
    Orc (2/2) D:10            Elf (0/3) Orc:2        Bailey (visited)
  IceCv (visited)         Volcano (visited)
 Vaults: D:13-14

Altars:
Ashenzari
Cheibriados
Dithmenos
Elyvilon
Fedhas
Gozag
Hepliaklqana
Kikubaaqudgha
Makhleb
Nemelex Xobeh
Okawaru
Qazlal
Ru
Sif Muna
Trog
Uskayaw
Vehumet
Wu Jian
Xom
Yredelemnul
Zin
The Shining One
Jiyva

Shops:
D:2 *   D:3 (   D:8 *   Orc:2 **=*[(   Snake:2 [   Snake:3 ?[[

Annotations:
Snake:3 Roxanne
Snake:4 Nikola


Innate Abilities, Weirdness & Mutations

You have a pair of horns on your head.
You reflexively headbutt those who attack you in melee.


Message History

a +0 dire flail; a naga corpse Nikola the Mad Inventor comes into view.
He is wielding a +0 rapier of electrocution.
Found 15 gold pieces.
The helpless Nikola fails to defend himself.
You slice Nikola!! You drain Nikola!
Nikola is moderately wounded.
You slash Nikola! You drain Nikola.
Nikola is moderately wounded.
Nikola hits you with a +0 rapier of electrocution.
You gain the combat prowess of a mighty hero.
Nikola mumbles some strange words.
Nikola blinks!
Things that are here:
15 gold pieces; 6 stones Nikola casts a spell.
Lightning arcs from Nikola's hands!
The bolt of lightning hits you!!!!
A bolt of lightning appears from out of thin air!
The bolt of lightning hits Nikola.
You hit Nikola. You headbutt Nikola, but do no damage.
Nikola is heavily wounded.
You block Nikola's attack.
You slash Nikola! You headbutt Nikola!
Nikola is heavily wounded.
You slice Nikola!!
Nikola is severely wounded.
Nikola hits you but does no damage.
You barely miss Nikola.
Nikola is severely wounded.
You slash Nikola! You drain Nikola.
Nikola is severely wounded.
Nikola mumbles some strange words.
Lightning arcs from Nikola's hands!
The bolt of lightning hits you!!!
* * * LOW HITPOINT WARNING * * *
A bolt of lightning appears from out of thin air!
The bolt of lightning hits Nikola.
You closely miss Nikola. You headbutt Nikola, but do no damage.
Nikola is severely wounded.
Nikola casts a spell.
Lightning arcs from Nikola's hands!
The bolt of lightning hits you!!!
You die...

.## ##.....## #.###
##....8.##
....###......#.###
#..........##....####
###.....#######.....#
####### #####.#
###### #######.....#
.....# ##...#...$####
..#### #..#.#.#.@#
..# ##..### #.@# ..#
#..#..#..#.. ..#
#..#..#..#..# ###
###.#.#####.#.# #
#...#...# . .# #
#....#..# # .# #
#...#.### .# #
#...#...#


You could see Nikola (drained).

Vanquished Creatures
  Vashnia (Snake:3)
  Saint Roka (Snake:2)
  Frances (Snake:2)
  A nagaraja (Snake:2)
  Aizul (Snake:1)
  The ghost of SHDWBERSERKER the Tortoise, a journeyman MiBe of Trog (Lair:5)
  An orc warlord (Orc:2)
  The ghost of croobank the Spry, a journeyman FeSu of Gozag (Snake:4)
  Josephine (D:13)
  A great orb of eyes (D:13)
  Fannar (D:11)
  15 hydras
  Harold (D:11)
  A salamander tyrant (Snake:4)
  5 anacondas
  5 two-headed ogres
  3 boulder beetles
  3 centaur warriors (D:13)
  A hell hog (Volcano)
  6 naga warriors
  11 death yaks
  8 naga sharpshooters
  4 orc high priests (Orc:2)
  Urug (D:13)
  A shock serpent (Snake:4)
  Nergalle (D:11)
  3 skysharks
  3 fire crabs
  4 skeletal warriors (D:12)
  A salamander mystic (Snake:3)
  2 bog bodies (IceCv)
  4 orc knights (Orc:2)
  4 naga ritualists
  Pikel (D:9)
  7 mana vipers
  3 deep elf pyromancers (D:12)
  4 ugly things
  4 cyclopes
  5 orc sorcerers (Orc:2)
  A manticore (D:12)
  6 salamanders
  A guardian serpent (Snake:2)
  13 naga magi
  40 black mambas
  6 cane toads
  An ice statue (IceCv)
  2 molten gargoyles (Volcano)
  A demonic crawler (Lair:4)
  2 rime drakes
  Psyche (D:9)
  10 komodo dragons
  An ice devil (IceCv)
  An anaconda simulacrum (IceCv)
  2 trolls
  11 polar bears
  A tyrant leech (Lair:3)
  5 hornets
  Grinder (D:5)
  14 blink frogs
  10 dream sheep
  Sigmund (D:5)
  A slime creature (D:13)
  14 spriggans (Lair:5)
  5 wraiths (D:13)
  2 wyverns
  38 yaks
  2 vampires
  9 fire bats (Volcano)
  Eustachio (D:6)
  6 basilisks
  A steam dragon (D:7)
  A dire elephant simulacrum (IceCv)
  7 vampire mosquitoes
  Menkaure (D:6)
  3 wargs
  5 swamp worms
  35 nagas
  An acid dragon (D:12)
  A hell hound (Volcano)
  14 water moccasins
  Duvessa (D:6)
  A hydra simulacrum (IceCv)
  38 orc warriors
  A sky beast (D:7)
  2 black bears
  4 boggarts (Lair:5)
  29 wolves
  9 ogres
  4 centaurs
  A lemure (D:9)
  2 kobold brigands
  17 bullfrogs
  A necrophage (D:4)
  10 gnoll sergeants
  2 two-headed ogre simulacra (IceCv)
  2 scorpions
  2 cane toad simulacra (IceCv)
  A water moccasin zombie (D:4)
  14 wights
  Dowan (D:6)
  12 killer bees
  An elephant simulacrum (IceCv)
  4 howler monkeys
  2 electric eels (Lair:5)
  8 lava snakes (Volcano)
  A human zombie (D:4)
  23 orc priests
  8 hounds
  6 gnoll boudas (Bailey)
  A sleepcap (D:3)
  14 iguanas
  23 orc wizards
  2 polar bear simulacra (IceCv)
  2 spriggan simulacra (IceCv)
  4 troll simulacra (IceCv)
  A hound zombie (D:4)
  3 mummies (D:4)
  35 gnolls
  3 naga simulacra (IceCv)
  4 adders
  A shadow imp (D:5)
  7 white imps
  An ufetubus (IceCv)
  2 worms
  2 dart slugs
  82 orcs
  4 ball pythons
  3 bats
  7 endoplasms
  2 giant cockroaches
  10 goblins
  12 hobgoblins
  10 jackals (D:1)
  12 kobolds
  4 quokkas
  5 frilled lizards
  6 rats
869 creatures vanquished.

Vanquished Creatures (others)
  A naga mage (Snake:4)
  An orc (Orc:2)
2 creatures vanquished.

Grand Total: 871 creatures vanquished

Notes
Turn   | Place    | Note
-------+----------+-------------------------------------------
     0 | D:1      | Babbit the Minotaur Fighter began the quest for the Orb.
     0 | D:1      | Reached XP level 1. HP: 19/19 MP: 0/0
    31 | D:1      | Reached XP level 2. HP: 23/27 MP: 1/1
    36 | D:1      | Reached skill level 4 in Shields
    55 | D:1      | Reached XP level 3. HP: 30/33 MP: 2/2
   518 | D:2      | Found Xehadagu's Assorted Antiques.
   688 | D:2      | Found a faded altar of an unknown god.
   742 | D:2      | Reached XP level 4. HP: 34/40 MP: 3/3
   747 | D:2      | Reached skill level 1 in Dodging
  1493 | D:3      | Reached XP level 5. HP: 47/47 MP: 4/4
  1637 | D:3      | Found Pirphext's Antique Weapon Shop.
  2322 | D:4      | You fall into a shaft and drop 1 floor!
  2322 | D:5      | Entered Level 5 of the Dungeon
  2453 | D:4      | Reached skill level 5 in Axes
  2453 | D:4      | Reached XP level 6. HP: 20/53 MP: 5/5
  2576 | D:4      | Reached skill level 5 in Armour
  2782 | D:4      | Reached XP level 7. HP: 58/60 MP: 6/6
  2782 | D:4      | Found an ancient bone altar of Kikubaaqudgha.
  2929 | D:4      | Found a snail-covered altar of Cheibriados.
  3034 | D:4      | Found an opulent altar of Gozag.
  3160 | D:4      | Found a basalt altar of Yredelemnul.
  3287 | D:4      | Found a glowing golden altar of the Shining One.
  3453 | D:4      | Found a sacrificial altar of Ru.
  3831 | D:5      | Noticed Sigmund
  3857 | D:5      | Killed Sigmund
  3858 | D:5      | Reached skill level 5 in Fighting
  3858 | D:5      | Reached skill level 1 in Stealth
  3858 | D:5      | Reached XP level 8. HP: 57/68 MP: 7/7
  3921 | D:5      | Found a blossoming altar of Fedhas.
  4070 | D:5      | Noticed Grinder
  4078 | D:5      | Killed Grinder
  4409 | D:6      | Found a staircase to the Ecumenical Temple.
  4424 | Temple   | Entered the Ecumenical Temple
  4660 | D:6      | Noticed Duvessa
  4660 | D:6      | Noticed Dowan
  4664 | D:6      | Killed Dowan
  4673 | D:6      | Killed Duvessa
  4943 | D:6      | Noticed Menkaure
  4948 | D:6      | Killed Menkaure
  5001 | D:6      | Noticed Eustachio
  5031 | D:6      | Killed Eustachio
  5032 | D:6      | Reached skill level 5 in Shields
  5137 | D:6      | Reached skill level 10 in Axes
  5137 | D:6      | Reached XP level 9. HP: 75/75 MP: 8/8
  5378 | D:7      | Reached skill level 1 in Unarmed Combat
  5695 | D:7      | Found a glowing silver altar of Zin.
  5697 | D:7      | Found a stormy altar of Qazlal.
  5956 | D:8      | Found Gidyppowk's General Store.
  5960 | D:8      | Bought a scroll of identify for 30 gold pieces
  6009 | D:8      | Found a sparkling altar of Nemelex Xobeh.
  6357 | D:8      | Found a flagged portal.
  6372 | Bailey   | Entered a bailey
  6550 | Bailey   | Reached skill level 6 in Shields
  6652 | Bailey   | Reached XP level 10. HP: 84/84 MP: 9/9
  6862 | Bailey   | Identified the +2 pair of gloves of the Blizzard {rPois rF+
                  | Dex+5}
  7110 | D:8      | Reached skill level 7 in Shields
  7329 | D:8      | Found an iron altar of Okawaru.
  7338 | D:8      | Became a worshipper of Warmaster Okawaru
  7615 | D:9      | Reached skill level 10 in Armour
  7639 | D:9      | Noticed a two-headed ogre
  7651 | D:9      | Killed a two-headed ogre
  7651 | D:9      | Reached * piety under Okawaru
  7657 | D:9      | Reached skill level 5 in Dodging
  8069 | D:9      | Noticed Pikel
  8100 | D:9      | Killed Pikel
  8100 | D:9      | Reached ** piety under Okawaru
  8101 | D:9      | Reached XP level 11. HP: 81/94 MP: 10/10
  8159 | D:9      | Noticed Psyche
  8173 | D:9      | Killed Psyche
  8406 | D:9      | Found a hide-covered altar of Uskayaw.
  8682 | D:10     | Entered Level 10 of the Dungeon
  8729 | D:10     | Found a radiant altar of Vehumet.
  8751 | D:10     | Found a staircase to the Orcish Mines.
  8782 | D:10     | Found a staircase to the Lair.
  9007 | D:10     | Reached *** piety under Okawaru
  9207 | D:10     | Noticed a two-headed ogre
  9215 | D:10     | Killed a two-headed ogre
  9216 | D:10     | Reached skill level 8 in Shields
  9574 | D:10     | Noticed a two-headed ogre
  9581 | D:10     | Killed a two-headed ogre
  9581 | D:10     | Reached **** piety under Okawaru
  9668 | D:10     | Found a burning altar of Makhleb.
  9867 | D:11     | Noticed Harold
  9877 | D:11     | Killed Harold
  9941 | D:11     | Noticed a boulder beetle
  9970 | D:11     | Killed a boulder beetle
 10110 | D:11     | Noticed Nergalle
 10130 | D:11     | Killed Nergalle
 10130 | D:11     | Reached ***** piety under Okawaru
 10131 | D:11     | Reached skill level 9 in Shields
 10217 | D:11     | Found a shimmering altar of Xom.
 10349 | D:11     | Found a shimmering altar of Xom.
 10350 | D:11     | Found a shimmering altar of Xom.
 10350 | D:11     | Found a shimmering altar of Xom.
 10448 | D:11     | Noticed a two-headed ogre
 10453 | D:11     | Killed a two-headed ogre
 10730 | D:11     | Noticed a two-headed ogre
 10737 | D:11     | Killed a two-headed ogre
 10737 | D:11     | Noticed a brown ugly thing
 10749 | D:11     | Killed a brown ugly thing
 10750 | D:11     | Reached XP level 12. HP: 91/106 MP: 11/11
 10870 | D:11     | Noticed Fannar
 10888 | D:11     | Killed Fannar
 10888 | D:11     | Received a gift from Okawaru
 11258 | Lair:1   | Entered Level 1 of the Lair of Beasts
 11270 | Lair:1   | Found a dark tunnel.
 11279 | Lair:1   | Noticed a five-headed hydra
 11283 | Lair:1   | Reached skill level 10 in Fighting
 11296 | Lair:1   | Killed a five-headed hydra
 11297 | Lair:1   | Reached skill level 10 in Shields
 11368 | Volcano  | Entered a volcano
 11889 | Volcano  | Found a bloodstained altar of Trog.
 11889 | Volcano  | Noticed a hell hog
 11900 | Volcano  | Reached skill level 1 in Polearms
 11913 | Volcano  | Killed a hell hog
 12289 | Volcano  | Identified the +2 helmet of Dehem {rPois}
 12473 | Lair:1   | Reached skill level 11 in Shields
 12673 | Lair:1   | Noticed a four-headed hydra
 12684 | Lair:1   | Killed a four-headed hydra
 13367 | Lair:2   | Found a staircase to the Snake Pit.
 13553 | Lair:2   | Found a snail-covered altar of Cheibriados.
 13577 | Lair:2   | Reached XP level 13. HP: 116/116 MP: 12/12
 14274 | Lair:3   | Identified the +0 ring mail "Nucryeg" {rElec} (Okawaru
                  | gifted it to you on level 3 of the Lair of Beasts)
 14274 | Lair:3   | Received a gift from Okawaru
 14304 | Lair:3   | Reached skill level 5 in Polearms
 15271 | Lair:3   | Reached ****** piety under Okawaru
 15365 | Lair:3   | Reached skill level 12 in Shields
 15577 | Lair:3   | Found a staircase to the Swamp.
 15708 | Lair:3   | Reached skill level 15 in Axes
 15830 | Lair:3   | Reached skill level 1 in Ranged Weapons
 16447 | Lair:4   | Identified the +0 hat "Gegoodur" {Stlth+} (Okawaru gifted
                  | it to you on level 4 of the Lair of Beasts)
 16447 | Lair:4   | Received a gift from Okawaru
 16559 | Lair:4   | Found a frozen archway.
 16573 | IceCv    | Entered an ice cave
 17763 | Lair:4   | Reached XP level 14. HP: 123/127 MP: 13/13
 18444 | Lair:5   | Entered Level 5 of the Lair of Beasts
 18811 | Lair:5   | Reached skill level 13 in Shields
 19066 | Lair:5   | Found a viscous altar of Jiyva.
 19068 | Lair:5   | Found a staircase to the Slime Pits.
 19274 | Lair:5   | Identified the +1 pair of boots of Lies {rF+ rC+} (Okawaru
                  | gifted it to you on level 5 of the Lair of Beasts)
 19274 | Lair:5   | Received a gift from Okawaru
 19514 | Lair:5   | Reached skill level 1 in Evocations
 19726 | Lair:5   | Reached skill level 14 in Shields
 20002 | Lair:5   | Reached skill level 10 in Dodging
 20365 | Lair:5   | Found a runed translucent gate.
 20416 | Lair:5   | Found a runed translucent gate.
 20416 | Lair:5   | Found a runed translucent gate.
 20417 | Lair:5   | Noticed SHDWBERSERKER's ghost (journeyman MiBe)
 20823 | Lair:5   | Killed SHDWBERSERKER's ghost
 21050 | Orc:1    | Entered Level 1 of the Orcish Mines
 21377 | Orc:2    | Entered Level 2 of the Orcish Mines
 21377 | Orc:2    | Found a staircase to the Elven Halls.
 21564 | Orc:2    | Found Enneixt's Specific Store.
 21564 | Orc:2    | Found Woujar's General Store.
 21646 | Orc:2    | Bought a scroll of enchant armour for 105 gold pieces
 21907 | Orc:2    | Found Liojol's Jewellery Boutique.
 21907 | Orc:2    | Found Humnao Qezo's General Store.
 21930 | Orc:2    | Reached skill level 15 in Shields
 22220 | Orc:2    | Noticed an orc warlord
 22225 | Orc:2    | Reached XP level 15. HP: 124/137 MP: 14/14
 22640 | Orc:2    | Received a gift from Okawaru
 22983 | Orc:2    | Found Kojuxulu's Antique Armour Shop.
 22983 | Orc:2    | Found Kamuw's Antique Weapon Shop.
 22989 | Orc:2    | Bought a potion of haste for 160 gold pieces
 23001 | Orc:2    | Bought a shiny scale mail for 154 gold pieces
 24365 | D:13     | Noticed Josephine
 24378 | D:13     | Killed Josephine
 24580 | D:13     | Found a radiant altar of Vehumet.
 24614 | D:13     | Identified the +0 scale mail of Akhaomoh {rC+ Int-3 SInv}
                  | (Okawaru gifted it to you on level 13 of the Dungeon)
 24614 | D:13     | Received a gift from Okawaru
 24658 | D:13     | Identified the staff of conjuration "Noike" {rN+ Str+2}
 24688 | D:13     | Reached skill level 16 in Shields
 25006 | D:13     | Noticed Urug
 25020 | D:13     | Killed Urug
 25206 | Snake:1  | Entered Level 1 of the Snake Pit
 26200 | Snake:2  | Identified the +0 pair of gloves "Sahuaf" {Fly rCorr
                  | Stlth-} (Okawaru gifted it to you on level 2 of the Snake
                  | Pit)
 26200 | Snake:2  | Received a gift from Okawaru
 26207 | Snake:2  | Reached skill level 17 in Shields
 26214 | Snake:2  | Noticed Aizul
 26380 | Snake:1  | Killed Aizul
 26575 | Snake:2  | Reached XP level 16. HP: 147/147 MP: 15/15
 26623 | Snake:2  | Found Qaesu's Armour Shoppe.
 26842 | Snake:2  | Reached skill level 15 in Fighting
 26883 | Snake:2  | Noticed Saint Roka
 26940 | Snake:2  | Killed Saint Roka
 27293 | Snake:2  | Noticed Frances
 27313 | Snake:2  | Killed Frances
 27740 | Snake:2  | Reached skill level 15 in Armour
 27895 | Snake:3  | Noticed Vashnia
 28189 | Snake:3  | Killed Vashnia
 28342 | Snake:3  | Found Yxaf's Armour Emporium.
 28348 | Snake:3  | Reached skill level 18 in Shields
 28616 | Snake:3  | Found Poih's Antique Armour Boutique.
 28680 | Snake:3  | Bought a translucent scale mail for 333 gold pieces
 28680 | Snake:3  | Identified the +6 scale mail of the Grey Skies {Str+3} (You
                  | bought it in a shop on level 3 of the Snake Pit)
 28710 | Snake:3  | Found Kinaali's Magic Scroll Shoppe.
 28762 | Snake:3  | Bought 3 scrolls of teleportation for 90 gold pieces
 28762 | Snake:3  | Bought a scroll of enchant armour for 75 gold pieces
 28762 | Snake:3  | Bought a scroll of brand weapon for 95 gold pieces
 28817 | Snake:3  | Identified Roxanne's Handbook of Changing
 28817 | Snake:3  | Noticed Roxanne
 28915 | Snake:4  | Entered Level 4 of the Snake Pit
 29018 | Snake:4  | Found a runed translucent door.
 29020 | Snake:4  | Noticed croobank's ghost (journeyman FeSu)
 29059 | Snake:4  | Killed croobank's ghost
 29256 | Snake:4  | Found a burning altar of Makhleb.
 29364 | Snake:4  | Identified the +1 hat of Rotation {rCorr Int+2} (Okawaru
                  | gifted it to you on level 4 of the Snake Pit)
 29364 | Snake:4  | Received a gift from Okawaru
 29904 | Snake:4  | Noticed Nikola
 29918 | Snake:4  | Killed from afar by Nikola

Illustrated notes

Levels and vault maps discovered:
D:1:      minmay_arrival_stair_chambers, layout_rooms
D:2:      layout_basic, ebering_ecumenical_altar_ruins, serial_shops,
          nicolae_shop_overgrown_old_shop, hangedman_decor_growths,
          nrook_mini_backslash
D:3:      layout_basic, serial_shops, shop, saegor_snake_ambush
D:4:      layout_loops_ring, nicolae_tso_swordbearing_angel,
          nicolae_ru_the_path_less_chosen, lemuel_mausoleum_altar_kikubaaqudgha,
          cheibriados_altar_1, mainiacjoe_overflow_surrounded_room,
          grunt_gozag_breadcrumbs
D:5:      layout_loops_ring, mainiacjoe_overflow_six_doors_small, uniq_grinder,
          uniq_sigmund
D:6:      layout_gridville, minmay_temple_entry_stoned_glass,
          minmay_misc_feat_iff, uniq_menkaure, uniq_duvessa, uniq_eustachio
D:7:      layout_loops_ring, nicolae_overflow_hidden_temple,
          mainiacjoe_overflow_tiny_flanked
D:8:      layout_basic, nemelex_altar_shiori, mainiacjoe_overflow_boulevard,
          enter_bailey_4, serial_shops, nicolae_shop_pleasant_corner_grove
D:9:      layout_basic, nicolae_uskayaw_dance_hall, hangedman_corner_corridor,
          uniq_psyche, uniq_pikel
D:10:     layout_layer_cave, kennysheep_mini, vehumet_crystals,
          grunt_lair_entry_orc_guard_hut
D:11:     layout_loops_corners, xom_redecorated, uniq_nergalle, uniq_harold,
          uniq_fannar
D:12:     layout_gridville
D:13:     hangedman_cross_cluster, layout_irregular_city,
          minmay_misc_feat_secret_circle,
          hellmonk_okawaru_the_only_friend_you_need, uniq_sonja, uniq_josephine,
          uniq_erolcha, uniq_urug
Temple:   hellmonk_temple_two_chambers
Lair:1:   beast_lair_carwin_large_4, layout_regular_city,
          nicolae_volcano_entry_lava_flow, grunt_megastairs_4, lemuel_fruit_tree
Lair:2:   layout_regular_city, minmay_snake_entry_guardpost_small, basic_altar
Lair:3:   nzn_winding_woodlands_stair_cross [nzn_winding_woodlands_5x15_jagged,
          nzn_winding_woodlands_center_lodge, nzn_winding_woodlands_5x15_pool,
          nzn_winding_woodlands_5x5_open_star,
          nzn_winding_woodlands_5x5_perimeter,
          nzn_winding_woodlands_5x15_garden,
          nzn_winding_woodlands_center_triple_pond,
          nzn_winding_woodlands_5x15_crooked], layout_regular_city,
          palyth_hydra_swamp_entry, guppyfry_lair_drakes
Lair:4:   layout_hall_layers, portal_ice_cave_entry_pillars_2, worms_lemuel
Lair:5:   minmay_lair_end_enchanted_forest, layout_cave_pods, slime_entry_1,
          ebering_ghost_rock_garden, serial_bayou_shore_a, serial_bayou_shore_b,
          lemuel_fruit_fields, infiniplex_staircase_pool_2
Snake:1:  layout_misc_corridors
Snake:2:  layout_onion, serial_shops, shop, uniq_frances, uniq_saint_roka,
          uniq_aizul
Snake:3:  layout_cave_shapes, serial_shops, nicolae_shop_tiny_waterfront, shop,
          nicolae_shop_overgrown_old_shop, uniq_vashnia, uniq_roxanne
Snake:4:  snake_pit, layout_rooms, basic_altar, ebering_ghost_inner_flame,
          nicolae_snake_biting_tails, nicolae_snake_flat_spine,
          nicolae_large_snake_swirl, uniq_nikola
Orc:1:    layout_caves, basic_altar
Orc:2:    st_orc_congregation, layout_diamond_mine,
          nicolae_orc_flooded_monolith, nicolae_specific_store, mines1_david

Skill      XL: |  1  2  3  4  5  6  7  8  9 10 11 12 13 14 15 16 |
---------------+-------------------------------------------------+-----
Fighting       | 4 5 6 7 9 11 12 13 14 15 | 15.6
Axes           | 3 4 5 6 8 10 11 12 14 15 16 17 | 17.4
Shields        | 4 5 6 7 9 11 12 15 17 18 | 18.7
Armour         | 4 5 6 7 9 11 12 13 14 15 | 15.5
Dodging        | 1 2 3 4 5 6 7 9 10 | 10.6
Stealth        | 1 2 3 4 |  4.6
Unarmed Combat | 1 |  1.6
Polearms       | 3 7 8 |  8.5
Ranged Weapons | 1 |  1.3
Evocations     | 1 2 |  2.1
Invocations    | |  0.3

Action                     |  1- 3 |  4- 6 |  7- 9 | 10-12 | 13-15 | 16-18 || total
---------------------------+-------+-------+-------+-------+-------+-------++-------
  Melee: War axe           |    52 |    80 |   181 |       |       |       ||   313
         Headbutt          |     7 |    12 |    47 |   182 |   444 |   105 ||   797
         Unarmed           |       |       |     8 |       |       |       ||     8
         Hand axe          |       |       |   156 |   634 |  1430 |   382 ||  2602
         Trident           |       |       |       |    89 |   132 |       ||   221
   Fire: Hand crossbow     |       |       |       |     3 |     6 |       ||     9
  Throw: Javelin           |       |       |       |       |     5 |       ||     5
 Invoke: Heroism           |       |       |       |     1 |     1 |     3 ||     5
  Evoke: Wand              |       |       |     3 |     1 |    14 |     2 ||    20
    Use: Potion            |     1 |       |     1 |     2 |    10 |     2 ||    16
         Scroll            |       |       |     7 |     9 |    25 |     6 ||    47
   Stab: Sleeping          |       |       |       |     1 |     4 |     2 ||     7
         Distracted        |       |       |       |       |     3 |       ||     3
         Petrified         |       |       |       |       |     4 |       ||     4
         Invisible         |       |       |       |       |     6 |       ||     6
 Armour: Scale mail        |    31 |    16 |    23 |    68 |       |    24 ||   162
         Chain mail        |       |       |    79 |    16 |       |       ||    95
         Skin              |       |       |     2 |       |       |       ||     2
         Ring mail         |       |       |       |    35 |   119 |       ||   154
         Plate armour      |       |       |       |       |   191 |    38 ||   229
  Dodge: Dodged            |    47 |    43 |   289 |   342 |   770 |   159 ||  1650
  Block: Buckler           |    14 |    11 |    67 |    28 |       |       ||   120
         Kite shield       |       |       |       |   245 |   873 |   232 ||  1350
